 Dungeon Crawl Stone Soup version 0.22-a0-362-g535178c (webtiles) character file.

58 Amnesiac the Magician (level 3, 0/27 HPs)
             Began as a Mummy Wizard on Apr 21, 2018.
             Slain by a bullfrog skeleton (4 damage)
             ... on level 5 of the Dungeon.
             The game lasted 00:02:22 (703 turns).

Amnesiac the Magician (Mummy Wizard)                 Turns: 703, Time: 00:02:23

Health: 0/27       AC:  2    Str: 10    XL:     3   Next: 76%
Magic:  1/8        EV: 12    Int: 18    God:
Gold:   49         SH:  0    Dex: 10    Spells: 1/10 levels left

rFire    . . .     SeeInvis .   a - +0 short sword (venom)
rCold    + . .     Gourm    .   (no shield)
rNeg     + + +     Faith    .   g - +0 robe {rF+}
rPois    ∞         Spirit   .   (no helmet)
rElec    .         Reflect  .   (no cloak)
rCorr    .         Harm     .   (no gloves)
MR       .....                  (no boots)
Stlth    ++........             (no amulet)
HPRegen  0.09/turn              (no ring)
MPRegen  0.11/turn              (no ring)

@: very slightly contaminated
A: no food or potions, fire vulnerability, cold resistance 1, negative energy
resistance 3, torment resistance, unbreathing
a: no special abilities


You were on level 5 of the Dungeon.
You were not hungry.

You visited 1 branch of the dungeon, and saw 5 of its levels.

You collected 49 gold pieces.

Inventory:

Hand Weapons
 a - a +0 short sword of venom (weapon)
Missiles
 c - 11 stones (quivered)
Armour
 g - a +0 robe of fire resistance (worn)


   Skills:
 + Level 1.7 Fighting
 * Level 2.8 Dodging
 - Level 1.5 Stealth
 - Level 4.0 Spellcasting
 + Level 1.1 Conjurations
 - Level 0.7 Summonings
   Level 0.7 Translocations


You had one spell level left.
You knew the following spells:

 Your Spells              Type           Power        Failure   Level  Hunger
a - Magic Dart            Conj           #...         9%          1    N/A
b - Call Imp              Summ           #.......     17%         2    N/A
e - Mephitic Cloud        Conj/Pois/Air  #.......     36%         3    N/A
s - Conjure Flame         Conj/Fire      #.......     34%         3    N/A

Dungeon Overview and Level Annotations

Branches:
Dungeon (5/15)
 Temple: D:4-7

Altars:
Hepliaklqana
Xom

Annotations:
D:4 Natasha
D:5 Dowan, Duvessa, Sigmund


Innate Abilities, Weirdness & Mutations

You do not eat or drink.
Your flesh is vulnerable to fire.
You are immune to poison.
Your flesh is cold resistant. (rC+)
You are immune to negative energy. (rN+++)
You are immune to unholy pain and torment.
You can survive without breathing.


Message History

You hit the worker ant but do no damage.
The worker ant closely misses you.
Natasha closely misses your crimson imp.
Your crimson imp blinks!
The worker ant closely misses your crimson imp.
Natasha claws your crimson imp but does no damage.
Natasha claws your crimson imp!
The worker ant closely misses your crimson imp.
Really read
b - a scroll labeled UXUVUA GAACAL {!r}?
As you read the scroll labeled UXUVUA GAACAL {!r}, it crumbles to dust.
You feel blessed for a moment.
It was a scroll of remove curse {!r}.
The worker ant barely misses your crimson imp.
Your crimson imp blinks!
You swap places.
Your crimson imp blinks!
You see here an adder corpse.
Really read
f - a scroll labeled BEVOUM CANTI {!r}?
As you read the scroll labeled BEVOUM CANTI {!r}, it crumbles to dust.
It is a scroll of identify.
d - a scroll of blinking {!r} Natasha barely misses you.
Really read
d - a scroll of blinking {!r}?
Blink to where?
Press: ? - help, Dir - move target cursor
As you read the scroll of blinking {!r}, it crumbles to dust.
Natasha mumbles some strange words.
Natasha drinks a potion.
Natasha is healed!
Your crimson imp blinks!
You climb downwards.
A leopard gecko and an ooze come into view.
The ooze quivers.
There is a stone staircase leading up here.
The ooze jiggles.
You aren't carrying any scrolls.
You can't drink.
Unknown command.
Unknown command.
Unknown command.
Unknown command.
Unknown command.
Unknown command.
A bullfrog skeleton comes into view.
The leopard gecko hisses angrily.
Sigmund the Dreaded comes into view.
He is wielding a scythe.
Dowan, Brother of Duvessa comes into view.
He is wielding a dagger.
Casting: Call Imp (safe; 17% risk of failure)
Confirm with . or Enter, or press ? or * to list all spells.
A beastly little devil appears in a puff of flame.
Dowan shouts!
The ooze misses you.
Duvessa, Sister of Dowan comes into view.
She is wielding a rapier.
The ooze hits you but does no damage.
The bullfrog skeleton closely misses you.
The bullfrog skeleton barely misses you.
Dowan casts a spell.
Dowan blinks!
Found a stone staircase leading down.
Something misses your crimson imp.
Something completely misses your crimson imp.
Found 16 gold pieces.
Something hits your crimson imp but does no damage.
Dowan smirks and points a slender finger.
The bullfrog skeleton hits you.
You die...

..................
.@...............
...............#
........e......#
...............#
..........Je..#
#.......l..##
#####...#5..##
##.l###Z@# #..#
##........ #.<#
.....>... #.....#
.......$..
....#..............#
###................#
###..............#
##.............#
####....


You could see Duvessa, Dowan, an ooze, a leopard gecko, a bullfrog skeleton and
a friendly crimson imp.

Vanquished Creatures
  3 adders
  An ooze (D:3)
  2 orcs (D:3)
  A giant cockroach (D:2)
  3 goblins
  A quokka (D:3)
  A bat (D:1)
  2 kobolds
  2 rats
16 creatures vanquished.

Vanquished Creatures (collateral kills)
  An adder (D:3)
  An ooze (D:3)
  2 orcs (D:3)
4 creatures vanquished.

Grand Total: 20 creatures vanquished

Notes
Turn   | Place    | Note
-------+----------+-------------------------------------------
     0 | D:1      | Amnesiac the Mummy Wizard began the quest for the Orb.
     0 | D:1      | Reached XP level 1. HP: 13/13 MP: 5/5
   157 | D:2      | Reached skill level 1 in Fighting
   157 | D:2      | Reached XP level 2. HP: 13/21 MP: 7/7
   161 | D:2      | Learned a level 2 spell: Call Imp
   348 | D:3      | Reached XP level 3. HP: 23/26 MP: 5/8
   353 | D:3      | Learned a level 3 spell: Conjure Flame
   357 | D:3      | Learned a level 3 spell: Mephitic Cloud
   400 | D:3      | Found a shimmering altar of Xom.
   401 | D:3      | Found a hazy altar of Hepliaklqana.
   402 | D:3      | Noticed a spectral ugly thing
   465 | D:3      | Reached skill level 1 in Conjurations
   668 | D:4      | Noticed Natasha
   689 | D:5      | Entered Level 5 of the Dungeon
   695 | D:5      | Noticed Sigmund
   696 | D:5      | Noticed Dowan
   698 | D:5      | Noticed Duvessa
   703 | D:5      | Slain by a bullfrog skeleton

Vault maps used:
D:1:      scummos_arrival_simple_crosswalls, nemelex_diamond_rough_becter
D:2:      marbit_many_paths, dancing_weapons_uskayaw, led_sif_pool
D:3:      regret_index_temple_of_mockery, first_ration
D:4:      cheibrodos_sewer_entry_sluice, uniq_natasha
D:5:      nicolae_qazlal_eye_of_the_storm, serial_shops, shop, basic_altar,
          uniq_sigmund, uniq_duvessa

Skill      XL: |  1  2  3 |
---------------+----------+-----
Fighting       | 1 |  1.7
Dodging        | 2 |  2.8
Conjurations   | 1 |  1.1
Stealth        | |  1.5
Spellcasting   | |  4.0
Summonings     | |  0.7
Translocations | |  0.7

Action                   || total
-------------------------++-------
Melee: Short sword       ||    42
       Dagger            ||     1
 Cast: Magic Dart        ||     3
       Call Imp          ||     9
  Use: Scroll            ||     3
 Stab: Sleeping          ||     5
Armor: Robe              ||     4
Dodge: Dodged            ||    26

Table legend:
 A = Spawn XP
 B = Non-spawn XP
 C = Spawn XP percentage of total XP
 D = Spawn monster count
 E = Non-spawn monster count
 F = Spawn count percentage of total count
 G = Total turns spent on level
                    A         B        C        D         E        F      G
               +---------+---------+-------+---------+---------+-------+---------
         Total |       0 |      84 |   0.0 |       0 |      20 |   0.0 |   703
               +---------+---------+-------+---------+---------+-------+---------
           D:1 |       0 |       5 |   0.0 |       0 |       4 |   0.0 |   110
           D:2 |       0 |      15 |   0.0 |       0 |       2 |   0.0 |   154
           D:3 |       0 |      51 |   0.0 |       0 |      13 |   0.0 |   363
           D:4 |       0 |      13 |   0.0 |       0 |       1 |   0.0 |    62
               +---------+---------+-------+---------+---------+-------+---------
